[Event "***Titled Tuesday 3|2 Blitz"]
[Site "Chess.com"]
[Date "2017.02.07"]
[Round "3"]
[White "Alliswell998"]
[Black "FelixBlohberger"]
[Result "0-1"]
[WhiteElo "2133"]
[BlackElo "2124"]
[TimeControl "180+2"]
[EndTime "13:47:00 PST"]
[Termination "FelixBlohberger won by checkmate"]

1. e4 e5 2. Nf3 d6 3. d4 exd4 4.
Nxd4 Nf6 5. Nc3 Be7 6. Bc4 O-O 7.
Be3 Re8 8. f3 Bf8 9. O-O c6 10.
Bb3 d5 11. Bg5 c5 12. Nf5 Bxf5 13. exf5 d4 14. Nd5 Nbd7 15. Ba4 Be7 16. Nxe7+ Qxe7 17. Bxd7 Qxd7 18. Bxf6 gxf6 19. Qd3 Re3 20. Qc4 Qxf5 21.
Kh1 Rae8 22. Rad1 a6 23. a4 Re2 24. Rg1 Rxc2 25. Qb3 Ree2 26. Qxb7 h5 27. b4 cxb4 28. Rxd4 Qg6 29. Rd8+ Kh7 30. Qb8 Qg7 31. Qxb4 Rxg2 32.
Qe4+ Qg6 33. Qxg6+ Rxg6 34. Rxg6 fxg6 35. Rd6 Rc3 36.
Rxf6 a5 37. Kg2 Rc4 38. Rf7+ Kh6 39. Ra7 Rxa4 40. Kg3 Kg5 41. h4+ Kf5 42. Ra6 Ra3 43. Ra8 Ra1 44. Rf8+ Ke6 45. Rg8 Kf7 46. Ra8 a4 47. Ra7+ Ke6 48. Ra6+ Kf5 49. Ra5+ Kf6 50. Ra6+ Kg7 51. Ra7+ Kh6 52. Ra6 a3 53. Kg2 Kg7 54.
Kg3 Kf7 55. Kf4 a2 56. Ra7+ Kf6 57. Ra6+ Kg7 58. Ra7+ Kh6 59. Ra6 Rh1 60. Rxa2 Rxh4+ 61. Kg3 Rb4 62. Ra8 Rb5 63. f4 Rb3+ 64. Kh4 Rb4 65. Kg3 Rb3+ 66. Kh4 Rf3 67. Ra4 Kg7 68. Kg5 Rg3+ 69.
Kh4 Rg4+ 70. Kh3 Kf6 71. Ra6+ Kf5 72. Ra5+ Kxf4 73. Ra4+ Kg5 74. Ra5+ Kh6 75. Ra6 Rb4 76. Kg3 Rb3+ 77. Kh4 Rb5 78. Rc6 Rf5 79. Ra6 Rf4+ 80.
Kg3 Rc4 81. Kh3 h4 82. Rb6 Kh5 83. Rb8 Rc3+ 84. Kg2 g5 85. Rh8+ Kg4 86. Ra8 Rc2+ 87. Kg1 h3 88. Ra3 Kh4 89. Kh1 g4 90. Ra4 Rc3 91.
Rb4 Kg3 92. Rb1 Rf3 93. Rg1+ Kh4 94. Ra1 Rf4 95. Ra7 Rf1+ 96. Kh2 g3# 0-1

[Event "***Titled Tuesday 3|2 Blitz"]
[Site "Chess.com"]
[Date "2017.02.07"]
[Round "3"]
[White "MyleneFarmer"]
[Black "jcgs1030"]
[Result "1/2-1/2"]
[WhiteElo "2349"]
[BlackElo "2295"]
[TimeControl "180+2"]
[EndTime "13:47:09 PST"]
[Termination "Game drawn - timeout vs insufficient material"]

1. e4 c5 2. Nf3 d6 3. Bb5+ Nd7 4.
d4 cxd4 5. Qxd4 e5 6. Qd3 h6 7.
Nc3 Nf6 8. O-O Be7 9. Nd2 a6 10. Bxd7+ Bxd7 11. Nc4 Bc6 12. Ne3 O-O 13. Rd1 Rc8 14.
a4 Re8 15. Nf5 Bf8 16. Nxd6 Bxd6 17. Qxd6 Qxd6 18. Rxd6 Nxe4 19. Rxc6 Rxc6 20. Nxe4 Rxc2 21. Nc3 f5 22. Kf1 Rd8 23. Ke1 Kf7 24. Nd1 f4 25.
Nc3 Ke6 26. a5 Kf5 27. h3 g5 28. g4+ fxg3 29. fxg3 g4 30. hxg4+ Kxg4 31. Ra4+ Kf3 32. Bxh6 Rh8 33. Rh4 Kxg3 34. Rh5 Kf3 35. Rh3+ Kg4 36.
Rh1 Rxb2 37. Rg1+ Kf3 38. Bc1 Rc2 39. Rf1+ Kg4 40. Rg1+ Kf5 41. Bd2 Rh2 42. Ne2 Ra2 43. Rg7 Rh1+ 44. Ng1 e4 45. Rf7+ Ke6 46. Rf1 Ra1+ 47.
Ke2 Rxf1 48. Kxf1 Rh2 49. Ne2 Rh1+ 50. Kf2 Rh3 51. Nf4+ Ke5 52. Nxh3 Kd5 53. Ke3 Kc5 54. Kxe4 Kb5 55. Nf4 b6 56. axb6 Kxb6 57. Kd4 Kb5 58.
Kc3 Kc5 59. Nd3+ Kd5 60. Kb4 Kd4 61. Nb2 Ke4 62. Bc3 Kd5 63. Ka5 Kc5 64. Kxa6 Kc6 65. Ka5 Kc5 66. Ka4 Kc6 67. Kb4 Kd5 68. Kb5 Kd6 69.
Nd3 Kd5 70. Bb2 Ke4 71. Kc4 Ke3 72. Bc3 Ke4 73. Bd4 Kf3 74. Kd5 Ke2 75. Ke4 Kf1 76.
Nf4 Ke1 77. Be3 Kf1 78. Kd3 Ke1 79. Ke4 Kf1 80. Kf3 Ke1 81. Ng2+ Kf1 82. Bg5 Kg1 83.
Kg3 Kh1 84. Nh4 Kg1 85. Nf3+ Kh1 86. Nd2 Kg1 87. Kf3 Kh1 88. Kf2 Kh2 89. Be3 Kh1 90. Kf3 Kh2 91. Nf1+ Kh1 92. Nd2 Kh2 93. Ne4 Kh1 94. Ng3+ Kh2 95. Bd4 Kh3 1/2-1/2

[Event "***Titled Tuesday 3|2 Blitz"]
[Site "Chess.com"]
[Date "2017.02.07"]
[Round "3"]
[White "Hamisandwich"]
[Black "ABDELAZEEZ-M"]
[Result "0-1"]
[WhiteElo "2415"]
[BlackElo "2147"]
[TimeControl "180+2"]
[EndTime "13:50:03 PST"]
[Termination "ABDELAZEEZ-M won by resignation"]

1. a3 d5 2. Nf3 c6 3. e3 Bf5 4. b4 e6 5. Bb2 h6 6. h3 Nf6 7. d3 Nbd7 8. Nbd2 a5 9. b5 cxb5 10.
Nd4 b4 11. Nxf5 exf5 12. Be2 bxa3 13. Bxa3 Bxa3 14. Rxa3 b5 15. O-O b4 16. Ra1 O-O 17.
Nf3 g6 18. Qd2 Qe7 19. Nd4 Rfc8 20. Rfc1 Ne5 21. c3 bxc3 22. Rxc3 Qb4 23. Rc2 Qxd2 24. Rxd2 Nc6 25. Nb5 Nb4 26. Bd1 Rc5 27. Nd4 Nd7 28.
Nb3 Rb5 29. Nd4 Rb6 30. Ne2 Nc5 31. Nc3 Rd6 32. d4 Ne4 33. Nxe4 fxe4 34. Rb2 Rb6 35.
Ba4 Rab8 36. Rab1 Kf8 37. g4 Ke7 38. Kg2 Kd6 39. f3 f5 40. fxe4 fxe4 41. Rf2 Nd3 42. Rf7 Rxb1 43. Rf6+ Ke7 44. Rxg6 R8b2+ 45. Kg3 Rg1+ 46.
Kh4 Re2 47. Rxh6 Rxe3 48. Ra6 Rgg3 49. Rxa5 Rxh3+ 50. Kg5 Reg3 51. Rxd5 e3 52. Bd1 Rh1 53.
Be2 Nc1 54. Bb5 Rhg1 55. Re5+ Kd6 56. Kf4 Rxg4+ 57. Kxe3 R1g3+ 58. Kf2 Nb3 59. Be2 Rg2+ 60. Kf1 R4g3 61. Bf3 Rg1+ 62. Kf2 Nxd4 63. Rd5+ Ke6 64. Rxd4 Ke5 65. Re4+ Kf5 66. Ra4 Rg8 67. Ra5+ Ke6 68. Ra6+ Kd7 69. Ra7+ Kd6 70. Ra6+ Kc5 71. Ra5+ Kb4 72.
Re5 Ra1 73. Re4+ Kc5 74. Re5+ Kd6 75. Rd5+ Ke6 76. Rd3 Rf8 77. Ke3 Rf1 78. Be4 Rg1 79. Ke2 Rh8 80. Re3 Kd6 81. Rd3+ Kc5 82. Rd5+ Kc4 83. Rd7 Rh2+ 84. Kf3 Re1 85. Bd5+ Kc5 86. Kg3 Rh6 87. Bf3 Rf1 88. Rg7 Ra6 89. Rg5+ Kd4 90. Rg4+ Ke3 91. Re4+ Kd2 92. Re2+ Kd3 93. Rg2 Rf6 94. Bg4 Ke3 95. Re2+ Kd3 96. Rg2 Rg6 97. Kh4 Rh1+ 98. Kg3 Rf1 99. Kh4 Ke3 100. Kh5 Rg8 101. Kh4 Kf4 102. Rg3 Rh8+ 103. Bh5 Rh1+ 104. Rh3 Rxh3+ 105. Kxh3 Rxh5+ 0-1

[Event "***Titled Tuesday 3|2 Blitz"]
[Site "Chess.com"]
[Date "2017.02.07"]
[Round "4"]
[White "Cecile_Haussernot"]
[Black "Iball95"]
[Result "0-1"]
[WhiteElo "2277"]
[BlackElo "2407"]
[TimeControl "180+2"]
[EndTime "13:53:33 PST"]
[Termination "Iball95 won by resignation"]

1. e4 c5 2. Nf3 Nc6 3. Nc3 g6 4. Bb5 Nd4 5. O-O Bg7 6. Re1 Nxb5 7. Nxb5 d6 8. d4 cxd4 9. Nbxd4 Nf6 10. Qd3 O-O 11.
Bf4 e5 12. Nxe5 dxe5 13. Bxe5 Qb6 14. Qc3 Nh5 15. Nf3 Bg4 16. Bxg7 Nxg7 17. Ne5 Be6 18. Re3 Rac8 19. Qd2 Rfd8 20. Qe2 Qxb2 0-1

[Event "***Titled Tuesday 3|2 Blitz"]
[Site "Chess.com"]
[Date "2017.02.07"]
[Round "4"]
[White "MagnusCarlsen"]
[Black "Keranke"]
[Result "1-0"]
[WhiteElo "2980"]
[BlackElo "2662"]
[TimeControl "180+2"]
[EndTime "13:53:53 PST"]
[Termination "MagnusCarlsen won by resignation"]

1. d4 g6 2. e4 Bg7 3. Nf3 d6 4.
Bc4 e6 5. Bb3 Ne7 6. O-O O-O 7. Re1 Nd7 8. c3 b6 9. Nbd2 Bb7 10.
Nf1 e5 11. Ng3 h6 12. h4 Kh7 13. Bc2 Nc6 14. h5 Nf6 15. Be3 Ng4 16. Ng5+ hxg5 17. Qxg4 exd4 18. hxg6+ fxg6 19. Bxg5 Bf6 20. Qh4+ Kg8 21.
Bb3+ 1-0

[Event "***Titled Tuesday 3|2 Blitz"]
[Site "Chess.com"]
[Date "2017.02.07"]
[Round "4"]
[White "chorejason"]
[Black "Carolina-moon"]
[Result "1-0"]
[WhiteElo "2019"]
[BlackElo "2025"]
[TimeControl "180+2"]
[EndTime "13:54:27 PST"]
[Termination "chorejason won by resignation"]

1. e4 c5 2. Nf3 d6 3. d4 Nf6 4.
Nc3 cxd4 5. Nxd4 a6 6. Bc4 e6 7.
O-O b5 8. Bb3 b4 9. Na4 Bd7 10.
f4 Qa5 11. c3 Nxe4 12. Qe1 Nc5 13. cxb4 Bxa4 14. bxa5 Bxb3 15. axb3 Nbd7 16. b4 1-0

[Event "***Titled Tuesday 3|2 Blitz"]
[Site "Chess.com"]
[Date "2017.02.07"]
[Round "4"]
[White "Rumpel-VK"]
[Black "ArnaudovP"]
[Result "1-0"]
[WhiteElo "2442"]
[BlackElo "2385"]
[TimeControl "180+2"]
[EndTime "13:54:51 PST"]
[Termination "Rumpel-VK won by resignation"]

1. e4 g6 2. d4 Bg7 3. c4 c5 4. d5 d6 5. Nc3 Nf6 6. h3 O-O 7. Nf3 e6 8. Bd3 Na6 9. O-O Nc7 10. Bg5 h6 11. Be3 Rb8 12. Qd2 exd5 13. exd5 b5 14. Bxh6 bxc4 15. Bxc4 Bxh6 16. Qxh6 Rxb2 17. Rab1 Rxb1 18.
Rxb1 Nh7 19. Ne4 Ne8 20. Nfg5 Nxg5 21. Nxg5 Nf6 22. Rb3 Re8 23. Rf3 Re1+ 24. Kh2 Qe7 25. g3 Bf5 26. Rb3 Be4 27. Rb8+ 1-0

[Event "***Titled Tuesday 3|2 Blitz"]
[Site "Chess.com"]
[Date "2017.02.07"]
[Round "4"]
[White "Daniela_Movileanu"]
[Black "Robin-Side"]
[Result "1-0"]
[WhiteElo "2070"]
[BlackElo "2359"]
[TimeControl "180+2"]
[EndTime "13:55:07 PST"]
[Termination "Daniela_Movileanu won by resignation"]

1. e4 g6 2. d4 Bg7 3. Nf3 e6 4.
Be2 Ne7 5. O-O d5 6. e5 O-O 7.
c4 b6 8. Nc3 Bb7 9. Be3 dxc4 10.
Bxc4 h6 11. Rc1 Nf5 12. Qe2 Nxe3 13. Qxe3 Nd7 14. Rfd1 Qe7 15. d5 exd5 16. Nxd5 Bxd5 17. Bxd5 Rac8 18. e6 Ne5 19. Nxe5 fxe6 20. Nxg6 1-0

[Event "***Titled Tuesday 3|2 Blitz"]
[Site "Chess.com"]
[Date "2017.02.07"]
[Round "4"]
[White "Lukianoo"]
[Black "GGuseinov"]
[Result "1-0"]
[WhiteElo "2606"]
[BlackElo "2537"]
[TimeControl "180+2"]
[EndTime "13:55:19 PST"]
[Termination "Lukianoo won by resignation"]

1. e4 c5 2. b3 g6 3. Bb2 Nf6 4. Qf3 d6 5. Bb5+ Bd7 6. Bxf6 exf6 7. Bxd7+ Nxd7 8. Nc3 Bg7 9. Nge2 O-O 10. O-O Re8 11. Rae1 Rc8 12. Nd5 Qa5 13. Nec3 b5 14. a4 bxa4 15.
bxa4 Nb6 16. Nxf6+ Bxf6 17. Qxf6 Re6 18. Qg5 Rce8 19. f4 Qb4 20. f5 R6e7 21. a5 Qd4+ 22.
Kh1 Nc4 23. Nd5 Qxd5 24. Qxe7 Rxe7 25. exd5 Rb7 26. f6 Ne5 27. Rb1 1-0

[Event "***Titled Tuesday 3|2 Blitz"]
[Site "Chess.com"]
[Date "2017.02.07"]
[Round "4"]
[White "Evgeny81"]
[Black "kikydu96"]
[Result "1-0"]
[WhiteElo "2462"]
[BlackElo "2338"]
[TimeControl "180+2"]
[EndTime "13:55:42 PST"]
[Termination "Evgeny81 won by resignation"]

1. Nf3 d5 2. g3 Nf6 3. Bg2 Bf5 4.
O-O e6 5. d3 c6 6. c4 Nbd7 7.
cxd5 exd5 8. Nc3 Be7 9. Nd4 Bg6 10. e4 dxe4 11. dxe4 O-O 12. f4 Bc5 13. Kh1 Bh5 14.
Nf3 Re8 15. e5 Ng4 16. Ne4 Bg6 17. Nfg5 Ndxe5 18. Qxd8 Raxd8 19. fxe5 h6 20. Nxc5 1-0

[Event "***Titled Tuesday 3|2 Blitz"]
[Site "Chess.com"]
[Date "2017.02.07"]
[Round "4"]
[White "ka1ser64"]
[Black "MyleneFarmer"]
[Result "1-0"]
[WhiteElo "2305"]
[BlackElo "2340"]
[TimeControl "180+2"]
[EndTime "13:55:49 PST"]
[Termination "ka1ser64 won by resignation"]

1. d4 Nf6 2. c4 e6 3. Nc3 Bb4 4.
e3 c5 5. Ne2 O-O 6. a3 Bxc3+ 7.
Nxc3 cxd4 8. Qxd4 d5 9. Qh4 Nc6 10. Be2 d4 11. exd4 Qxd4 12. Qxd4 Nxd4 13. Bd1 b6 14. Be3 Nf5 15. Bf4 Bb7 16. f3 Rfd8 17. Rc1 Rac8 18. Ne2 Nd4 19. Kf2 b5 20. Be3 Nxe2 21. Bxe2 bxc4 22. Rxc4 Nd5 23. Bxa7 Nf4 24. Rxf4 1-0

[Event "***Titled Tuesday 3|2 Blitz"]
[Site "Chess.com"]
[Date "2017.02.07"]
[Round "4"]
[White "ChessMavenYeti"]
[Black "Grootneus"]
[Result "1-0"]
[WhiteElo "2181"]
[BlackElo "2119"]
[TimeControl "180+2"]
[EndTime "13:56:17 PST"]
[Termination "ChessMavenYeti won by resignation"]

1. Nf3 Nf6 2. g3 g6 3. Bg2 Bg7 4.
O-O O-O 5. c4 c5 6. Qc2 Nc6 7.
a3 d6 8. b3 Bg4 9. Bb2 Rb8 10.
e3 Ne8 11. h3 Bd7 12. Bxg7 Nxg7 13. d4 Qc8 14. Kh2 b5 15. dxc5 bxc4 16. Qxc4 Be6 17. Qe2 Bxb3 18. cxd6 exd6 19. Rc1 Qd7 20. Nfd2 Ba4 21.
Nc3 Ne5 22. Nxa4 Qxa4 23. Rc7 Rb2 24. Qd1 Ne6 25. Qxa4 Nxc7 26. Nc4 1-0

[Event "***Titled Tuesday 3|2 Blitz"]
[Site "Chess.com"]
[Date "2017.02.07"]
[Round "4"]
[White "popov_m"]
[Black "MattyDPerrine"]
[Result "1-0"]
[WhiteElo "2357"]
[BlackElo "2185"]
[TimeControl "180+2"]
[EndTime "13:56:39 PST"]
[Termination "popov_m won by checkmate"]

1. d4 Nf6 2. Bf4 c5 3. e3 e6 4. Nd2 b6 5. Ngf3 Bb7 6. h3 Be7 7. c3 O-O 8. Bd3 Nc6 9. O-O Rc8 10. Qe2 d5 11. Bh2 Bd6 12. Ne5 Qc7 13. f4 Ne7 14. f5 exf5 15. Bxf5 Nxf5 16. Rxf5 Ne4 17. Nxe4 dxe4 18. Raf1 f6 19. Qc4+ Kh8 20. Ng6+ hxg6 21.
Bxd6 Qxd6 22. R1f4 g5 23. Rh4+ gxh4 24. Rh5# 1-0

[Event "***Titled Tuesday 3|2 Blitz"]
[Site "Chess.com"]
[Date "2017.02.07"]
[Round "4"]
[White "IM_Michal_Luch"]
[Black "dretch"]
[Result "0-1"]
[WhiteElo "2390"]
[BlackElo "2552"]
[TimeControl "180+2"]
[EndTime "13:56:47 PST"]
[Termination "dretch won by resignation"]

1. d4 d5 2. c4 c6 3. Nf3 Nf6 4.
Qc2 dxc4 5. Qxc4 Bf5 6. g3 Nbd7 7. Bg2 e6 8. O-O Bd6 9. Nbd2 O-O 10. Qb3 Nb6 11.
a4 a5 12. Nh4 Bg4 13. e4 Nfd7 14. Nhf3 Bb4 15. Nb1 c5 16. Be3 Bxf3 17. Bxf3 Qf6 18. dxc5 Qxf3 19. cxb6 Ne5 20. Nc3 Bxc3 21. Qxc3 Qxe4 22.
Bc5 Nf3+ 23. Kg2 Ne1+ 24. Kh3 Qg2+ 25. Kg4 f5+ 26. Kh4 Nf3+ 0-1

[Event "***Titled Tuesday 3|2 Blitz"]
[Site "Chess.com"]
[Date "2017.02.07"]
[Round "4"]
[White "maciek_92"]
[Black "SavelijTartakover"]
[Result "1-0"]
[WhiteElo "2573"]
[BlackElo "2520"]
[TimeControl "180+2"]
[EndTime "13:56:52 PST"]
[Termination "maciek_92 won by resignation"]

1. c4 Nf6 2. Nc3 g6 3. g3 Bg7 4.
Bg2 O-O 5. d4 d6 6. Nf3 Nc6 7.
O-O Bg4 8. d5 Na5 9. b3 c6 10. Bd2 c5 11. h3 Bxf3 12. exf3 a6 13. Rc1 b5 14. Ne4 Nxe4 15. fxe4 Bd4 16. Kh2 e5 17. f4 f6 18. h4 Ra7 19. Qe1 b4 20. Bh3 Kh8 21. f5 Rg8 22. fxg6 hxg6 23. Be6 Rf8 24. Qe2 Rh7 25. Kg2 Nb7 26. Qg4 Qe8 27.
Rf3 Nd8 28. Rcf1 Nxe6 29. dxe6 Kg7 30. Bg5 1-0

[Event "***Titled Tuesday 3|2 Blitz"]
[Site "Chess.com"]
[Date "2017.02.07"]
[Round "4"]
[White "PelinGorki"]
[Black "pastouche06"]
[Result "1/2-1/2"]
[WhiteElo "2372"]
[BlackElo "2332"]
[TimeControl "180+2"]
[EndTime "13:56:53 PST"]
[Termination "Game drawn by repetition"]

1. e4 c6 2. Nc3 d5 3. Nf3 Bg4 4.
h3 Bxf3 5. Qxf3 Nf6 6. d3 e6 7. Bd2 Qb6 8. O-O-O Nbd7 9. g4 h6 10. Qg3 d4 11. Ne2 e5 12. f4 Bd6 13. fxe5 Nxe5 14. Bf4 Nfd7 15. Bg2 g5 16. Bxe5 Nxe5 17. Qf2 c5 18.
Ng3 Ng6 19. Nf5 Be5 20. Rhf1 O-O-O 21. h4 f6 22. h5 Nf4 23. b3 Qa5 24. Kb1 Qa3 25.
Qd2 Kb8 26. Bf3 Rc8 27. Ne7 Rcd8 28. Qc1 Qa5 29. Qd2 Qa3 30. Qc1 Qa5 31. Qd2 Qa3 1/2-1/2

[Event "***Titled Tuesday 3|2 Blitz"]
[Site "Chess.com"]
[Date "2017.02.07"]
[Round "4"]
[White "EltajSafarli"]
[Black "FelixBlohberger"]
[Result "1-0"]
[WhiteElo "2815"]
[BlackElo "2123"]
[TimeControl "180+2"]
[EndTime "13:57:30 PST"]
[Termination "EltajSafarli won by resignation"]

1. e4 c5 2. Nf3 d6 3. Nc3 a6 4. e5 Nc6 5. exd6 Qxd6 6. Bc4 b5 7.
Ne4 Qc7 8. Be2 e6 9. a4 Rb8 10. axb5 axb5 11. d4 cxd4 12. Nxd4 Nxd4 13. Qxd4 f5 14.
Ra7 Qxc2 15. O-O Qxe4 16. Bh5+ g6 17. Qxh8 Bb7 18. Bf3 Qc4 19. Rxb7 Rxb7 20. Bxb7 Kf7 21. Qxh7+ Bg7 22. Qh3 Qc7 23. Qf3 Nf6 24. Bf4 e5 25.
Bd5+ Kf8 26. Bg5 e4 27. Qa3+ Ke8 28. Bxf6 Bxf6 29. Qa8+ Ke7 30. Qc6 Qxc6 31. Bxc6 b4 32. b3 Kd6 33. Be8 g5 34. Bg6 Ke5 35. g4 f4 36. Re1 e3 37. fxe3 Be7 38. exf4+ 1-0

[Event "***Titled Tuesday 3|2 Blitz"]
[Site "Chess.com"]
[Date "2017.02.07"]
[Round "4"]
[White "Bad4life"]
[Black "Ilja_Semjonovs"]
[Result "0-1"]
[WhiteElo "2305"]
[BlackElo "2180"]
[TimeControl "180+2"]
[EndTime "13:57:30 PST"]
[Termination "Ilja_Semjonovs won by resignation"]

1. e4 c5 2. Nf3 d6 3. d4 cxd4 4.
Nxd4 Nf6 5. Nc3 a6 6. Bg5 e6 7. f4 Qb6 8. Qd3 Qxb2 9. Rb1 Qa3 10. f5 Nc6 11. Nxc6 bxc6 12. Be2 e5 13. O-O Be7 14.
Be3 d5 15. exd5 cxd5 16. Nxd5 Qxd3 17. Nxf6+ Bxf6 18. Bxd3 Bd7 19. Be4 Rc8 20. Rb7 Bb5 21.
Ra1 O-O 22. a4 Bc6 23. Bxc6 Rxc6 24. Ra2 Rfc8 25. Ra7 h5 26. h3 e4 27. a5 Rc3 28.
Bf4 Bd4+ 29. Kh2 Bxa7 30. f6 gxf6 31. Ra4 e3 32. Bg3 Rxc2 33. Rh4 Bb8 34. Rxh5 Bxg3+ 35. Kxg3 e2 36. Rh4 e1=Q+ 37. Kh2 Qxh4 38. Kh1 Qg3 0-1

[Event "***Titled Tuesday 3|2 Blitz"]
[Site "Chess.com"]
[Date "2017.02.07"]
[Round "4"]
[White "GianmarcoVaR"]
[Black "MateusViageiro"]
[Result "1-0"]
[WhiteElo "2403"]
[BlackElo "2420"]
[TimeControl "180+2"]
[EndTime "13:57:30 PST"]
[Termination "GianmarcoVaR won by resignation"]

1. d4 Nf6 2. Bg5 e6 3. e4 h6 4. Bxf6 Qxf6 5. c3 c5 6. Nf3 Nc6 7. Na3 cxd4 8. Nb5 Qd8 9. cxd4 Bb4+ 10. Nc3 Qa5 11. Qb3 O-O 12. Bd3 d6 13. O-O Bxc3 14. bxc3 Rb8 15. a4 Bd7 16. Nd2 d5 17. Bb5 a6 18. Bd3 Nxd4 19. cxd4 Qxd2 20. exd5 exd5 21. a5 Qg5 22. Rfc1 Rfe8 23. Rc7 Bh3 24. Bf1 Re4 25. Qxh3 Rxd4 26. Rc8+ Rxc8 27. Qxc8+ Kh7 28. Qxb7 Rf4 29. Qxa6 d4 30. Qd3+ g6 31. a6 Qf6 32.
a7 Rxf2 33. a8=Q 1-0

[Event "***Titled Tuesday 3|2 Blitz"]
[Site "Chess.com"]
[Date "2017.02.07"]
[Round "4"]
[White "ShimanovAlex"]
[Black "Kouzari"]
[Result "1-0"]
[WhiteElo "2645"]
[BlackElo "2490"]
[TimeControl "180+2"]
[EndTime "13:57:45 PST"]
[Termination "ShimanovAlex won by resignation"]

1. d4 Nf6 2. Bf4 e6 3. e3 c5 4.
Nf3 Nc6 5. Nc3 a6 6. d5 exd5 7. Nxd5 d6 8. Bc4 Nxd5 9. Bxd5 Be7 10. O-O O-O 11. c3 Be6 12. Qd2 Qd7 13. Rad1 Rfd8 14. e4 Bf6 15. h3 Ne5 16. Bxe5 dxe5 17. Qe2 Qe7 18. c4 Rab8 19. a4 Rd6 20. Rd3 Rb6 21.
b3 g6 22. Rfd1 Kg7 23. Bxe6 Qxe6 24. Qc2 Rc6 25. Rd5 Rcc8 26. Rd6 Qe7 27. Rd7 Qe8 28.
R1d5 Rc6 29. Qd2 h6 30. Nh2 b5 31. Ng4 Bg5 32. Qc3 Bf6 33. R7d6 Rbb6 34. Nxf6 1-0

[Event "***Titled Tuesday 3|2 Blitz"]
[Site "Chess.com"]
[Date "2017.02.07"]
[Round "4"]
[White "Genghis_K"]
[Black "Dale"]
[Result "1-0"]
[WhiteElo "2684"]
[BlackElo "1979"]
[TimeControl "180+2"]
[EndTime "13:57:49 PST"]
[Termination "Genghis_K won by checkmate"]

1. d4 Nf6 2. Bf4 d5 3. e3 c5 4. c3 Nc6 5. Nd2 Bf5 6. Ngf3 e6 7.
Nh4 Be7 8. Nxf5 exf5 9. dxc5 O-O 10. Nb3 Ne4 11. Bd3 Qd7 12. Qc2 Rad8 13. f3 Nxc5 14.
Bxf5 Qe8 15. Bxh7+ Kh8 16. Bd3 Bh4+ 17. g3 Nxd3+ 18.
Qxd3 g5 19. Bc7 Rd7 20. gxh4 Rxc7 21. hxg5 Re7 22. Kf2 Ne5 23. Qf5 f6 24. gxf6 Rh7 25. h4 Nc4 26. Rae1 Nxb2 27. Rhg1 Qb5 28. Rg7 Nd3+ 29. Kg3 Rh6 30. Nd4 Qc4 31. Rg1 Rfxf6 32. Qg5 Qxa2 33. Rg8+ Kh7 34. Qg7# 1-0

[Event "***Titled Tuesday 3|2 Blitz"]
[Site "Chess.com"]
[Date "2017.02.07"]
[Round "4"]
[White "wannabe2700"]
[Black "chessdude"]
[Result "0-1"]
[WhiteElo "2293"]
[BlackElo "2427"]
[TimeControl "180+2"]
[EndTime "13:57:52 PST"]
[Termination "chessdude won by resignation"]

1. e4 c5 2. Nf3 d6 3. b3 Nc6 4. Bb2 e5 5. Bc4 Be7 6. O-O Nf6 7. Nc3 O-O 8. Re1 Be6 9. Bxe6 fxe6 10. d3 Qe8 11. Ne2 Nh5 12. Ng3 Nf4 13. c3 h5 14. d4 h4 15. Nf1 Qg6 16. g3 Rf7 17. dxe5 Nxe5 18. Nxe5 dxe5 19. f3 Raf8 20. Re3 c4 21. Kh1 Nd3 22. Qe2 Bc5 23. Bc1 Bxe3 24.
Nxe3 Rxf3 25. Nd1 hxg3 26. Be3 0-1

[Event "***Titled Tuesday 3|2 Blitz"]
[Site "Chess.com"]
[Date "2017.02.07"]
[Round "4"]
[White "oskariot"]
[Black "Feegus"]
[Result "0-1"]
[WhiteElo "2508"]
[BlackElo "2369"]
[TimeControl "180+2"]
[EndTime "13:57:58 PST"]
[Termination "Feegus won by resignation"]

1. c4 Nf6 2. g3 g6 3. Bg2 d5 4.
cxd5 Nxd5 5. Nc3 Nb6 6. d3 Bg7 7. Be3 O-O 8. Rc1 Nc6 9. Bxc6 bxc6 10. Nf3 Nd5 11. Bd2 Bh3 12. Rg1 Bd7 13. Nxd5 cxd5 14. Bc3 f6 15. Bb4 Re8 16. g4 e5 17. Qc2 e4 18.
dxe4 Rxe4 19. Ba5 Bb5 20. e3 Qe8 21. Kd2 c6 22. Qc5 Bf8 23. Qc3 Ra4 24. a3 Qe4 25. Nd4 Rc4 26. Qb3 Rxd4+ 27. exd4 Qe2+ 0-1

[Event "***Titled Tuesday 3|2 Blitz"]
[Site "Chess.com"]
[Date "2017.02.07"]
[Round "4"]
[White "Rating-Schmating"]
[Black "Rickstereo"]
[Result "1-0"]
[WhiteElo "2278"]
[BlackElo "2200"]
[TimeControl "180+2"]
[EndTime "13:57:58 PST"]
[Termination "Rating-Schmating won by resignation"]

1. e4 e6 2. d4 d5 3. Nd2 Nf6 4.
Bd3 c5 5. exd5 cxd4 6. dxe6 Bxe6 7. Ngf3 Be7 8. O-O O-O 9. Ne4 Nc6 10. Bf4 Qd5 11.
Re1 Rfd8 12. Qe2 Rac8 13. Nfg5 h6 14. Nxf6+ Bxf6 15. Nxe6 fxe6 16. Qxe6+ Qxe6 17. Rxe6 Nb4 18. Rae1 Nxc2 19. Rd1 Kf7 20. Bf5 Rc5 21. Bh3 d3 22.
Rd6 Rxd6 23. Bxd6 Rd5 24. Bf4 Bxb2 25. g3 Nd4 26. Bg2 Ne2+ 27. Kf1 Rd7 28. Be4 Nxf4 29. gxf4 d2 30. Ke2 Bc3 31. Bd3 a6 32. Bc4+ Kf6 33.
Kf3 b5 34. Bb3 a5 35. Bc2 Rd4 36. Ke3 Rb4 37. Kd3 Rc4 38. Bb3 Rc5 39. Ke4 b4 40. h4 Rh5 41. Rh1 g5 42. hxg5+ hxg5 43. Rxh5 1-0

[Event "***Titled Tuesday 3|2 Blitz"]
[Site "Chess.com"]
[Date "2017.02.07"]
[Round "4"]
[White "biostatistician"]
[Black "daro94"]
[Result "1-0"]
[WhiteElo "2508"]
[BlackElo "2639"]
[TimeControl "180+2"]
[EndTime "13:58:03 PST"]
[Termination "biostatistician won on time"]

1. d4 Nf6 2. Nf3 g6 3. c4 Bg7 4. Nc3 d5 5. cxd5 Nxd5 6. e4 Nxc3 7. bxc3 c5 8. Be3 Qa5 9. Qd2 O-O 10. Rc1 Nd7 11. Bd3 e5 12. d5 b5 13. c4 b4 14. h4 f5 15. Bg5 Nf6 16. Nxe5 Nxe4 17. Bxe4 Bxe5 18. d6 Re8 19. Bd5+ Kh8 20. O-O Bd7 21.
Bxa8 Rxa8 22. Qd5 Re8 23. Rfe1 1-0

[Event "***Titled Tuesday 3|2 Blitz"]
[Site "Chess.com"]
[Date "2017.02.07"]
[Round "4"]
[White "Dlugy"]
[Black "RamonManon0g"]
[Result "1-0"]
[WhiteElo "2676"]
[BlackElo "2331"]
[TimeControl "180+2"]
[EndTime "13:58:11 PST"]
[Termination "Dlugy won on time"]

1. d4 Nf6 2. Bf4 g6 3. Nc3 d5 4.
Qd2 h5 5. f3 Bg7 6. e4 dxe4 7. fxe4 Nc6 8. d5 Nb8 9. e5 Ng4 10. Nf3 Nd7 11. e6 fxe6 12. dxe6 Nc5 13. Qxd8+ Kxd8 14. O-O-O+ Ke8 15. Nd5 Nxe6 16. Nxc7+ Nxc7 17. Bxc7 Bf5 18. Bb5+ Kf8 19. Rd8+ Rxd8 20. Bxd8 Bh6+ 21.
Kb1 Ne3 22. Nd4 Be4 23. Re1 Kf7 24. Ba5 e5 25. Nf3 Bxc2+ 26. Ka1 Bf5 27. Ba4 Kf6 28.
Bc3 1-0

[Event "***Titled Tuesday 3|2 Blitz"]
[Site "Chess.com"]
[Date "2017.02.07"]
[Round "4"]
[White "Kacparov"]
[Black "Divertissement"]
[Result "1-0"]
[WhiteElo "2585"]
[BlackElo "2434"]
[TimeControl "180+2"]
[EndTime "13:58:13 PST"]
[Termination "Kacparov won by resignation"]

1. b3 d6 2. Bb2 Nd7 3. e3 e5 4.
Nf3 g6 5. c4 Bg7 6. Nc3 f5 7.
d4 e4 8. Nd2 Ngf6 9. Be2 O-O 10. b4 b6 11. Qb3 Kh8 12. a4 a5 13. bxa5 Rxa5 14. Nb5 Ra8 15. O-O Bb7 16. Bc3 Ne8 17.
Bb4 f4 18. exf4 c5 19. Bc3 Rxf4 20. Qb2 Qg5 21. g3 e3 22. fxe3 Rxf1+ 23. Nxf1 Ndf6 24.
d5 Ne4 25. Bxg7+ Nxg7 26. Bf3 Re8 27. Bxe4 Rxe4 28. Nxd6 Re7 29. Qxb6 h5 30. Nxb7 h4 31. Nxc5 hxg3 32. hxg3 Rxe3 33. Qb8+ Kh7 34. Qf4 Qe7 35. Qxe3 1-0

[Event "***Titled Tuesday 3|2 Blitz"]
[Site "Chess.com"]
[Date "2017.02.07"]
[Round "4"]
[White "sergiochess83"]
[Black "BilodeauA"]
[Result "1/2-1/2"]
[WhiteElo "2717"]
[BlackElo "2582"]
[TimeControl "180+2"]
[EndTime "13:58:16 PST"]
[Termination "Game drawn by agreement"]

1. e4 c5 2. Nf3 Nc6 3. Bb5 g6 4.
O-O Bg7 5. d3 Nf6 6. Bxc6 dxc6 7.
Nc3 Nd7 8. Be3 b6 9. Qd2 e5 10. Bh6 O-O 11. h3 Qe7 12. Nh2 Rd8 13. Bxg7 Kxg7 14.
Ng4 Nf8 15. Qh6+ Kg8 16. f4 Bxg4 17. hxg4 exf4 18. Rxf4 Ne6 19. Rf2 Qg5 20. Qxg5 Nxg5 21. Rf6 Rac8 22. b3 Kg7 23. Raf1 Re8 24. Kh2 Re6 25.
R6f4 Rh8 26. Kg3 Re7 27. Rf6 Ne6 28. Ne2 h5 29. gxh5 Rxh5 30. R6f3 Ng5 31. Rf6 Ne6 32. R6f3 Rg5+ 33. Kf2 f5 34. exf5 Rxf5 35. Rxf5 gxf5 36. Rh1 1/2-1/2